 Dungeon Crawl Stone Soup version 0.31-a0-263-ge8cad7f256 (webtiles) character file.

Game seed: 10103508097432234130

45 cforsyth the Changeling (level 4, -1/37 HPs)
             Began as a Meteoran Shapeshifter on July 13, 2023.
             Slain by a gnoll
             ... wielding a +0 whip
              (7 damage)
             ... on level 2 of the Dungeon.
             The game lasted 00:03:17 (508 turns).

cforsyth the Changeling (Meteoran Shapeshifter)      Turns: 508, Time: 00:03:17

Health: -1/37      AC:  2    Str: 18    XL:     4   Next: 12%
Magic:  5/5        EV: 13    Int: 10    God:
Gold:   21         SH:  0    Dex: 14    Spells: 3/3 levels left

rFire   . .          .
                       - Unarmed
rCold   + . .        (no shield)
rNeg    . . .        a - +0 animal skin
rPois   .            (helmet currently unavailable)
rElec   .            (cloak currently unavailable)
rCorr   .            (gloves currently unavailable)
SInv    .            (boots currently unavailable)
Will    .....        (no amulet)
Stlth   +            g - ring of protection from cold
HPRegen 0.26/turn    (no ring)
MPRegen 0.09/turn

%: no passive effects
@: beast-form, glowing
A: beast (slay +2), sense surroundings 1, otherworldly, glowing, explore regen
a: Begin Untransformation


You were on level 2 of the Dungeon.
You were a hulking beast.
You visited 1 branch of the dungeon, and saw 2 of its levels.

You collected 21 gold pieces.

Inventory:

Armour
 a - a +0 animal skin (worn)
Jewellery
 g - a ring of protection from cold (left hand)
Talismans
 c - a beast talisman
Scrolls
 d - a scroll of immolation {unknown}
 f - a scroll of identify {unknown}
 h - 3 scrolls of fear {unknown}
 i - 3 scrolls of teleportation {unknown}
Potions
 b - a potion of lignification
 e - a potion of curing {unknown}
 j - 2 potions of haste {unknown}


   Skills:
 + Level 2.8 Fighting
 + Level 3.1 Dodging
 + Level 3.1 Unarmed Combat
 + Level 4.0 Shapeshifting


You had 3 spell levels left.
You didn't know any spells.
Your spell library was empty.

Dungeon Overview and Level Annotations

Branches:
Dungeon (2/15) Zot: 696

Altars:


Innate Abilities, Weirdness & Mutations

You are a hulking beast.
Your limbs bulge with bestial killing power. (Slay +2)
You passively map a small area around you.
You are easily found by Zot.
You glow in the dark.
You regain HP and MP as you explore.


Message History

The rat bites you.
You hit the rat.
The rat is moderately wounded.
The rat misses you.
You closely miss the rat.
The rat is moderately wounded.
The rat bites you but does no damage.
You closely miss the rat.
The rat is moderately wounded.
The rat closely misses you.
You hit the rat.
You kill the rat!
No target in view!
A gnoll comes into view. It is wielding a +0 flail.
Found two stone staircases leading down.
The gnoll shouts!
You hear a shout! x2
A gnoll comes into view. It is wielding a +0 whip.
The gnoll shouts!
A gnoll comes into view. It is wielding a +0 whip.
The gnoll shouts!
The gnoll hits you with a +0 whip. The gnoll barely misses you.
You hit the gnoll.
The gnoll is lightly wounded.
The gnoll hits you with a +0 flail. The gnoll closely misses you.
The gnoll hits you with a +0 flail!
You hit the gnoll.
The gnoll is lightly wounded.
The gnoll barely misses you.
A gnoll comes into view. It is wielding a +0 whip.
The gnoll shouts!
You punch the gnoll!
The gnoll is severely wounded.
The gnoll misses you. The gnoll hits you with a +0 whip.
You barely miss the gnoll.
The gnoll is severely wounded.
The gnoll hits you with a +0 whip. The gnoll closely misses you.
The gnoll hits you with a +0 flail. The gnoll hits you with a +0 whip!
* * * LOW HITPOINT WARNING * * *
The gnoll hits you with a +0 whip!
You die...

* * #... #.##.#*
, ###** #...# * *
##..##* ## * *#
##..## #.#
..##....###..#
.........#>..#
,,...$#.........#
#...#........##
,....#.#.hgg..# ,
#.......gg.#.# ,
.#####.#.##.#
#.#.#*,# , ,
#.#.#* , #..># ,,
*** #.##., *
..,*. , * *.


You could see 4 gnolls.

Vanquished Creatures
  An adder (D:2)
  2 ball pythons
  8 bats
  5 endoplasms (D:1)
  A giant cockroach (D:2)
  A goblin (D:1)
  A hobgoblin (D:2)
  4 jackals (D:1)
  A quokka (D:2)
  2 frilled lizards (D:1)
  A kobold (D:1)
  4 rats
31 creatures vanquished.

Notes
Turn   | Place    | Note
-------+----------+-------------------------------------------
     0 | D:1      | cforsyth the Meteoran Shapeshifter began the quest for the
                  | Orb.
     0 | D:1      | Reached XP level 1. HP: 17/17 MP: 2/2
    69 | D:1      | Reached XP level 2. HP: 25/25 MP: 3/3
   163 | D:1      | Reached XP level 3. HP: 28/30 MP: 4/4
   205 | D:1      | Found a faded altar of an unknown god.
   314 | D:1      | You fall into a shaft and drop 1 floor!
   442 | D:2      | Reached skill level 4 in Shapeshifting
   449 | D:2      | Reached XP level 4. HP: 33/37 MP: 5/5
   508 | D:2      | Slain by a gnoll

Illustrated notes

Levels and vault maps discovered:
D:1:      ebering_trefoil_twist, layout_basic,
          dreamdust_ecumenical_altar_statues
D:2:      layout_loops_ring

Skill      XL: |  1  2  3 |
---------------+----------+-----
Dodging        | 3 |  3.1
Unarmed Combat | 3 |  3.1
Shapeshifting  | 4 |  4.0
Fighting       | |  2.8

Action                     |  1- 3 |  4- 6 || total
---------------------------+-------+-------++-------
  Melee: Unarmed           |    65 |    11 ||    76
         Punch             |     1 |       ||     1
 Armour: Animal skin       |    23 |     1 ||    24
  Dodge: Dodged            |    52 |     8 ||    60

Table legend: (Time is in decaauts)
 A = Elapsed time spent in this place.
 B = Non-inter-level travel time spent in this place.
 C = Inter-level travel time spent in this place.
 D = Time resting spent in this place.
 E = Time spent auto-exploring this place.
 F = Levels seen in this place.
 G = Mean time per level.
                   A        B        C        D        E       F      G
               +--------+--------+--------+--------+--------+-----+--------+
         Total |    502 |    490 |     12 |      0 |      0 |   2 |  251.0 |
       Dungeon |    502 |    490 |     12 |      0 |      0 |   2 |  251.0 |
               +--------+--------+--------+--------+--------+-----+--------+

Top non-repeatable levels by time:
     D:1: 312 daAuts
     D:2: 189 daAuts
